 Dungeon Crawl Stone Soup version 0.27-a0-607-g1ad3dbde53 (webtiles) character file.

Game seed: 376350353063616923

537 Gaff the Skirmisher (level 7, 0/72 HPs)
             Began as an Ogre Warper on Mar 13, 2021.
             Was an Initiate of Gozag.
             Slain by an orc warrior
             ... wielding a +0 halberd
              (16 damage)
             ... on level 4 of the Dungeon.
             The game lasted 00:22:12 (10379 turns).

Gaff the Skirmisher (Ogre Warper)                  Turns: 10379, Time: 00:22:12

Health: 0/72       AC:  4    Str: 18    XL:     7   Next: 25%
Magic:  0/13       EV: 10    Int: 14    God:    Gozag
Gold:   657        SH:  0    Dex:  8    Spells: 5/14 levels left

rFire    + . .     SeeInvis .   a - +1 mace
rCold    . . .     Faith    .   (no shield)
rNeg     . . .     Spirit   +   b - +0 robe
rPois    .         Reflect  .   (helmet restricted)
rElec    .         Harm     .   i - +0 cloak
rCorr    .         Rampage  .   (gloves unavailable)
Will     .....                  (boots unavailable)
Stlth    +.........             s - amulet of guardian spirit
HPRegen  0.22/turn              f - ring of protection from fire
MPRegen  0.13/turn              (no ring)

@: no status effects
A: large, unfitting armour, tough skin 1
a: Renounce Religion, Potion Petition, Call Merchant, Bribe Branch


You were on level 4 of the Dungeon.
You worshipped Gozag.
Gozag was pleased with you.
You visited 1 branch of the dungeon, and saw 5 of its levels.

You collected 687 gold pieces.
You paid 30 gold pieces to Gozag.

Inventory:

Hand Weapons
 a - a +1 mace (weapon)
 g - a +0 dagger of draining
Missiles
 e - 5 boomerangs of dispersal (quivered)
 h - 3 large rocks
 p - 11 boomerangs
 y - a throwing net
Armour
 b - a +0 robe (worn)
 i - a +0 cloak (worn)
 r - a scarf of invisibility
Jewellery
 f - a ring of protection from fire (right hand)
 s - an amulet of guardian spirit (around neck)
 z - an amulet of faith
Wands
 B - a wand of flame (14)
Scrolls
 d - 2 scrolls of blinking
 j - a scroll of fear
 k - 8 scrolls of teleportation
 m - a scroll of enchant weapon
 q - a scroll of magic mapping {unknown}
 x - a scroll of random uselessness {unknown}
 C - a scroll of enchant armour {unknown}
Potions
 c - a potion of haste
 l - 2 potions of berserk rage
 n - a potion of lignification {unknown}
 o - a potion of attraction {unknown}
 t - a potion of ambrosia {unknown}
 u - a potion of flight {unknown}
 v - 3 potions of magic
 w - a potion of resistance {unknown}
 A - a potion of brilliance {unknown}


   Skills:
 + Level 5.1 Fighting
 + Level 3.3 Maces & Flails
 - Level 1.2 Throwing
 + Level 3.5 Dodging
 + Level 4.4 Spellcasting
 + Level 4.0 Translocations


You had 5 spell levels left.
You knew the following spells:

 Your Spells              Type           Power      Damage    Failure   Level
a - Blink                 Tloc           N/A        N/A       5%          2
b - Gell's Gravitas       Tloc           7%         N/A       11%         3
c - Manifold Assault      Tloc           14%        N/A       34%         4

Your spell library contained the following spells:

 Spells                   Type           Power      Damage    Failure   Level
 Lesser Beckoning         Tloc           7%         N/A       11%         3
 Teleport Other           Tloc           14%        N/A       11%         3


Dungeon Overview and Level Annotations

Branches:
Dungeon (5/15)
 Temple: D:4-7

Altars:
Elyvilon
Gozag
Makhleb
Qazlal
Wu Jian
Yredelemnul


Innate Abilities, Weirdness & Mutations

You are too large for most types of armour.
You have tough skin. (AC +1)


Message History

The orc warrior is moderately wounded.
The orc warrior hits you with a +0 halberd!
You barely miss the orc warrior.
The orc warrior is moderately wounded.
The orc warrior barely misses you.
You hit the orc warrior but do no damage.
The orc warrior is moderately wounded.
The orc warrior barely misses you.
You barely miss the orc warrior.
The orc warrior is moderately wounded.
The orc warrior closely misses you.
You hit the orc warrior.
The orc warrior is heavily wounded.
The orc warrior closely misses you.
You barely miss the orc warrior.
The orc warrior is heavily wounded.
The orc warrior hits you with a +0 halberd!
You hit the orc warrior.
The orc warrior is heavily wounded.
The orc warrior barely misses you.
You hit the orc warrior.
The orc warrior is severely wounded.
The orc warrior barely misses you.
You barely miss the orc warrior.
The orc warrior is severely wounded.
The orc warrior closely misses you.
You closely miss the orc warrior.
The orc warrior is severely wounded.
The orc warrior hits you with a +0 halberd!!
* * * LOW HITPOINT WARNING * * *
The orc warrior hits you with a +0 halberd!
* * * LOW HITPOINT WARNING * * *
You hit the orc warrior but do no damage.
The orc warrior is severely wounded.
The orc warrior hits you but does no damage.
You closely miss the orc warrior.
The orc warrior is severely wounded.
The orc warrior hits you with a +0 halberd!
You die...
Your body crumbles into a pile of gold.

### ##..##....# ##.......... ..##
#.......######.......... ...#####
#.>..................#..
.......###.......###.#######...##
#..###..###..........# ##.....#
##.# ##......#..###### ##.......
##.# #..####.....##### #........
##.# #.#####.##o.....####........
##.###.......###@###......#.....#
#.##........# #.#...<.####.....>
#.##.#......###.#.###...#.......
#.#..#..........................
##.#.##.....<##......###.........
.#.#..........[)####.# ##.......#
.#..##....#..<### #.## ####..).)
.##.(##.....### #..# ######
........#...### ##.# #


You could see an orc warrior.

Vanquished Creatures
  An ogre (D:4)
  An orc priest (D:4)
  2 iguanas (D:5)
  2 worker ants (D:4)
  4 orc wizards
  A hound zombie (D:2)
  3 gnolls
  4 adders
  2 oozes (D:1)
  An adder zombie (D:5)
  2 dart slugs
  4 leopard geckos
  21 orcs
  A ball python (D:3)
  4 giant cockroaches
  7 goblins
  12 hobgoblins
  6 jackals
  9 kobolds
  2 quokkas
  8 bats
  3 frilled lizards
  8 rats
  A spectral orc (D:3)
109 creatures vanquished.

Notes
Turn   | Place    | Note
-------+----------+-------------------------------------------
     0 | D:1      | Gaff the Ogre Warper began the quest for the Orb.
     0 | D:1      | Reached XP level 1. HP: 22/22 MP: 3/3
   465 | D:1      | Reached XP level 2. HP: 18/29 MP: 5/5
   583 | D:1      | Learned a level 2 spell: Blink
   844 | D:1      | Reached skill level 3 in Fighting
   984 | D:1      | Reached XP level 3. HP: 31/37 MP: 7/7
  1921 | D:2      | Reached XP level 4. HP: 40/45 MP: 8/8
  2308 | D:2      | Found an opulent altar of Gozag.
  2661 | D:2      | Became a worshipper of Gozag Ym Sagoz the Greedy
  3052 | D:2      | Found an ornate altar of the Wu Jian Council.
  3290 | D:3      | Reached XP level 5. HP: 51/54 MP: 10/10
  3312 | D:3      | Found a basalt altar of Yredelemnul.
  3531 | D:3      | Learned a level 3 spell: Gell's Gravitas
  4056 | D:3      | Found a white marble altar of Elyvilon.
  4573 | D:3      | Found a stormy altar of Qazlal.
  4850 | D:3      | Found a burning altar of Makhleb.
  4859 | D:3      | Reached skill level 4 in Fighting
  5017 | D:4      | Noticed an orc warrior
  5505 | D:1      | Learned a level 4 spell: Manifold Assault
  5509 | D:2      | HP: 2/54 [orc warrior/+0 dire flail (17)]
  5959 | D:4      | HP: 2/54 [poisoned by an adder]
  5965 | D:4      | HP: 1/54 [poisoned by an adder]
  5973 | D:4      | HP: 1/54 [poisoned by an adder]
  6301 | D:3      | Reached XP level 6. HP: 51/62 MP: 11/11
  7406 | D:5      | Entered Level 5 of the Dungeon
  8619 | D:5      | Noticed an ice beast
  9289 | D:5      | Noticed an orc warrior
  9409 | D:4      | Reached XP level 7. HP: 39/71 MP: 10/13
  9674 | D:5      | Reached skill level 5 in Fighting
  9692 | D:5      | HP: 1/72 [orc priest/divine providence (8)]
 10379 | D:4      | Slain by an orc warrior

Illustrated notes

Levels and vault maps discovered:
D:1:      dpeg_arrival_castle, layout_loops_corners, serial_park_tiny_1,
          chequers_serial_rivers_room_b
D:2:      layout_loops_cross, pdpol_wu_jian_five_deadly_venoms,
          nicolae_gozag_cash_rules_everything_around_me
D:3:      layout_loops_ring, grunt_qazlal_sundering, lightli_temple_of_fire,
          yredelemnul_forgotten_temple_becter, elyvilon_altar_5,
          nicolae_underground_beach
D:4:      layout_rooms
D:5:      layout_layer_cave, basic_altar

Skill      XL: |  1  2  3  4  5  6  7 |
---------------+----------------------+-----
Fighting       | 3 4 5 |  5.1
Maces & Flails | 2 3 |  3.3
Translocations | 3 4 |  4.0
Spellcasting   | 3 4 |  4.4
Dodging        | 3 |  3.5
Throwing       | |  1.2

Action                   |  1- 3 |  4- 6 |  7- 9 || total
-------------------------+-------+-------+-------++-------
Melee: Mace              |   108 |   419 |    37 ||   564
 Cast: Blink             |       |    13 |     2 ||    15
       Gell's Gravitas   |       |     2 |       ||     2
       Manifold Assault  |       |       |     2 ||     2
  Use: Scroll            |       |     6 |       ||     6
       Potion            |       |     2 |       ||     2
 Stab: Sleeping          |       |     1 |       ||     1
Armor: Robe              |    37 |   156 |     3 ||   196
Dodge: Dodged            |    75 |   241 |    25 ||   341

Table legend: (Time is in decaauts)
 A = Elapsed time spent in this place.
 B = Non-inter-level travel time spent in this place.
 C = Inter-level travel time spent in this place.
 D = Time resting spent in this place.
 E = Time spent auto-exploring this place.
 F = Levels seen in this place.
 G = Mean time per level.
                   A        B        C        D        E       F      G
               +--------+--------+--------+--------+--------+-----+--------+
         Total |  10564 |  10462 |    102 |   5058 |   2647 |   5 | 2112.8 |
       Dungeon |  10564 |  10462 |    102 |   5058 |   2647 |   5 | 2112.8 |
               +--------+--------+--------+--------+--------+-----+--------+

Top non-repeatable levels by time:
     D:1: 2594 daAuts
     D:3: 2387 daAuts
     D:4: 2251 daAuts
     D:2: 1675 daAuts
     D:5: 1654 daAuts
